[Event "*** Titled Tuesday Blitz"]
[Site "Chess.com"]
[Date "2019.05.07"]
[Round "1"]
[White "AlexZambrano"]
[Black "GMsKoRPioN"]
[Result "0-1"]
[WhiteElo "2262"]
[BlackElo "2594"]
[TimeControl "180+2"]
[EndTime "13:01:57 PDT"]
[Termination "GMsKoRPioN won by resignation"]

1. e4 d6 2. d4 g6 3. Nc3 Bg7 4. Be3 a6 5. f3 b5 6. Qd2 Bb7 7. Nge2 Nd7 8. Ng3 Rc8 9. h4 Ngf6 10.
h5 Rg8 11. hxg6 hxg6 12. O-O-O c5 13. dxc5 Nxc5 14. Qf2 b4 15. Nb1 b3 16. Bxc5 bxa2 17.
Bb6 0-1

[Event "*** Titled Tuesday Blitz"]
[Site "Chess.com"]
[Date "2019.05.07"]
[Round "1"]
[White "TastyFrenchFries"]
[Black "SantoBlue"]
[Result "0-1"]
[WhiteElo "2429"]
[BlackElo "2789"]
[TimeControl "180+2"]
[EndTime "13:02:27 PDT"]
[Termination "SantoBlue won by resignation"]

1. e4 e5 2. Nf3 Nc6 3. Bb5 a6 4.
Ba4 Nf6 5. d3 d6 6. h3 g6 7. c3 Bg7 8. Bc2 O-O 9. Bg5 h6 10.
Bh4 g5 11. Bg3 Nh5 12. Nbd2 f5 13. exf5 Bxf5 14. Qe2 Nf4 15. Bxf4 exf4 16. O-O-O Re8 17. Qf1 a5 18. d4 Qd7 19. Qb5 Bxc2 20. Kxc2 Nb4+ 0-1

[Event "*** Titled Tuesday Blitz"]
[Site "Chess.com"]
[Date "2019.05.07"]
[Round "1"]
[White "RojonR"]
[Black "pheonixking2000"]
[Result "0-1"]
[WhiteElo "2407"]
[BlackElo "2765"]
[TimeControl "180+2"]
[EndTime "13:02:59 PDT"]
[Termination "pheonixking2000 won by resignation"]

1. e4 e6 2. d4 d5 3. e5 c5 4.
c3 Nc6 5. Nf3 Bd7 6. Bd3 cxd4 7.
cxd4 Qb6 8. O-O Nxd4 9. Nxd4 Qxd4 10. Nc3 a6 11. Re1 Rc8 12. Be3 Qb4 13. Rb1 d4 14. a3 Qb6 15. Na4 Qa5 16. Bxd4 Qxa4 0-1

[Event "*** Titled Tuesday Blitz"]
[Site "Chess.com"]
[Date "2019.05.07"]
[Round "1"]
[White "VeraNebolsina"]
[Black "KazakhFighter04"]
[Result "0-1"]
[WhiteElo "2339"]
[BlackElo "2657"]
[TimeControl "180+2"]
[EndTime "13:03:30 PDT"]
[Termination "KazakhFighter04 won by resignation"]

1. e4 c5 2. Nc3 Nc6 3. Bb5 Nd4 4. Nf3 g6 5. Bc4 Bg7 6. Nxd4 cxd4 7. Qf3 Nh6 8. d3 O-O 9. Ne2 Ng4 10. O-O Ne5 11. Qg3 Nxc4 12. dxc4 d6 13. Rd1 Qb6 14. Bg5 Re8 15.
Rab1 Bd7 16. Nc1 Rac8 17. Qb3 Qc5 18. Bh4 Qxc4 19. Qxb7 Bc6 20. Qb3 Bxe4 21. Nd3 Qxc2 22. Nb4 Qxb3 0-1

[Event "*** Titled Tuesday Blitz"]
[Site "Chess.com"]
[Date "2019.05.07"]
[Round "1"]
[White "Joseph_Truelson"]
[Black "Sashadav97"]
[Result "0-1"]
[WhiteElo "2225"]
[BlackElo "2559"]
[TimeControl "180+2"]
[EndTime "13:03:38 PDT"]
[Termination "Sashadav97 won by resignation"]

1. d4 Nf6 2. Nc3 d5 3. Bf4 a6 4. e3 e6 5. g4 c5 6. g5 Nfd7 7. Nf3 Nc6 8. h4 cxd4 9. exd4 Qb6 10. Rb1 Be7 11. Be2 Qd8 12. Ne5 Ncxe5 13. dxe5 b5 14. Bf3 Bb7 15. Ne2 Qc7 16. Qd4 Bc5 17. Qc3 Rc8 18.
O-O Qb8 0-1

[Event "*** Titled Tuesday Blitz"]
[Site "Chess.com"]
[Date "2019.05.07"]
[Round "1"]
[White "ENEASZ"]
[Black "Pushdapawn"]
[Result "1-0"]
[WhiteElo "2537"]
[BlackElo "2184"]
[TimeControl "180+2"]
[EndTime "13:03:40 PDT"]
[Termination "ENEASZ won by resignation"]

1. e4 e5 2. Nf3 Nc6 3. Bc4 Bc5 4.
c3 Nf6 5. d4 exd4 6. O-O Nxe4 7. cxd4 Bb6 8. d5 Na5 9. Bd3 f5 10. b4 O-O 11. bxa5 Bxa5 12. Bb2 d6 13. Qa4 b6 14.
Bxe4 Bd7 15. Qd4 1-0

[Event "*** Titled Tuesday Blitz"]
[Site "Chess.com"]
[Date "2019.05.07"]
[Round "1"]
[White "dopolian"]
[Black "vladimirdamjanovic"]
[Result "0-1"]
[WhiteElo "2246"]
[BlackElo "2574"]
[TimeControl "180+2"]
[EndTime "13:03:55 PDT"]
[Termination "vladimirdamjanovic won by resignation"]

1. e4 c5 2. Nf3 d6 3. d4 cxd4 4. Nxd4 Nf6 5. Nc3 g6 6. Be3 Bg7 7. f3 Nc6 8. Qd2 h5 9. O-O-O Bd7 10. h4 Rc8 11. Kb1 Na5 12. Nd5 Nxd5 13. exd5 a6 14. Be2 Nc4 15. Bxc4 Rxc4 16. Qd3 Qc7 17. c3 Bxd4 18.
Bxd4 Bf5 19. Bxh8 Bxd3+ 20. Rxd3 f6 21. Re1 Kf7 22. Rde3 Rxh4 23. b3 Rh2 24. R1e2 h4 25.
c4 h3 26. g4 Rxe2 27. Rxe2 Qd8 0-1

[Event "*** Titled Tuesday Blitz"]
[Site "Chess.com"]
[Date "2019.05.07"]
[Round "1"]
[White "WorldChampionBulletChess"]
[Black "vovachesss"]
[Result "0-1"]
[WhiteElo "2089"]
[BlackElo "2519"]
[TimeControl "180+2"]
[EndTime "13:03:58 PDT"]
[Termination "vovachesss won by resignation"]

1. d4 d6 2. c4 Nc6 3. Nf3 g6 4. Nc3 Bg7 5. g3 Nf6 6. Bg2 O-O 7. O-O e5 8. dxe5 Nxe5 9. Nxe5 dxe5 10. Qb3 c6 11.
Bg5 Qe7 12. Rad1 Be6 13. Ne4 Rfd8 14. Nxf6+ Bxf6 15. Bxf6 Qxf6 16. Qxb7 Bxc4 17. Rxd8+ Rxd8 18. Qxc6 Qxc6 19. Bxc6 Bxe2 20. Re1 Rd2 21. b4 Rxa2 22. b5 Kg7 23. Rb1 Bd3 24. Rb3 e4 25. Bd5 Ra1+ 26. Kg2 Bf1+ 27. Kg1 Bh3+ 0-1

[Event "*** Titled Tuesday Blitz"]
[Site "Chess.com"]
[Date "2019.05.07"]
[Round "1"]
[White "ilm2034"]
[Black "Raja3401"]
[Result "1-0"]
[WhiteElo "2393"]
[BlackElo "2689"]
[TimeControl "180+2"]
[EndTime "13:04:14 PDT"]
[Termination "ilm2034 won by resignation"]

1. d4 Nf6 2. c4 e6 3. g3 d5 4. Bg2 Be7 5. Nf3 O-O 6. O-O dxc4 7. Ne5 Nc6 8. Bxc6 bxc6 9. Nxc6 Qe8 10. Nxe7+ Qxe7 11. Qa4 c5 12. Qa3 Bb7 13. dxc5 Rac8 14. Bg5 Rxc5 15.
Be3 Rc7 16. Qxe7 Rxe7 17. Bc5 Rd7 18. Bxf8 Kxf8 19. Na3 Rd2 20. Nxc4 Rxe2 21. Rfe1 Rxe1+ 22. Rxe1 Bd5 23. Ne5 Ne4 24. a4 f6 25. Nd3 Nd2 26.
Rc1 Nf3+ 27. Kf1 Nd4 28. Rc7 a5 29. Nc5 Bc4+ 30. Ke1 Nf3+ 31. Kd1 Bd5 32. h4 h5 33. Ra7 g5 34. Nd7+ Ke7 35. Ne5+ Kd6 36. Nxf3 Bxf3+ 37. Kd2 Ke5 38. Rxa5+ Bd5 39. Rc5 Ke4 40. a5 Kf3 41. a6 Kxf2 42. Rxd5 1-0

[Event "*** Titled Tuesday Blitz"]
[Site "Chess.com"]
[Date "2019.05.07"]
[Round "1"]
[White "MaxLeto"]
[Black "Marcus_Harvey"]
[Result "0-1"]
[WhiteElo "2311"]
[BlackElo "2645"]
[TimeControl "180+2"]
[EndTime "13:04:19 PDT"]
[Termination "Marcus_Harvey won by resignation"]

1. d4 e6 2. e4 d5 3. Nc3 Nf6 4. Bg5 dxe4 5. Nxe4 Be7 6. Bxf6 gxf6 7. Nf3 f5 8. Ng3 c5 9. c3 Nc6 10. Bb5 Qb6 11.
Qa4 Bd7 12. O-O-O a6 13. Bxc6 Bxc6 14. Qb3 Qxb3 15. axb3 h5 16. Rhg1 h4 17. Ne2 h3 18.
Ne5 Bxg2 19. Nf4 Bg5 20. Nd3 cxd4 21. cxd4 Rh4 0-1

[Event "*** Titled Tuesday Blitz"]
[Site "Chess.com"]
[Date "2019.05.07"]
[Round "1"]
[White "HouseOfDurin"]
[Black "evgenyermolaev"]
[Result "0-1"]
[WhiteElo "1947"]
[BlackElo "2510"]
[TimeControl "180+2"]
[EndTime "13:04:21 PDT"]
[Termination "evgenyermolaev won by resignation"]

1. d4 Nf6 2. Bg5 Ne4 3. h4 c5 4. dxc5 Qa5+ 5. Nd2 Nxg5 6. hxg5 Qxc5 7. Ngf3 Nc6 8. e4 e6 9. c3 Be7 10. Nb3 Qb6 11.
e5 Na5 12. Nxa5 Qxa5 13. Qb3 Bxg5 14. Bd3 Be7 15. Bxh7 Qb6 16. Qc2 d6 17. exd6 Qxd6 18. Qd3 Qxd3 0-1

[Event "*** Titled Tuesday Blitz"]
[Site "Chess.com"]
[Date "2019.05.07"]
[Round "1"]
[White "Roenko_Artur"]
[Black "Chessialist"]
[Result "0-1"]
[WhiteElo "2237"]
[BlackElo "2564"]
[TimeControl "180+2"]
[EndTime "13:04:39 PDT"]
[Termination "Chessialist won by resignation"]

1. d4 Nf6 2. c4 e6 3. Nc3 d5 4.
cxd5 exd5 5. Bg5 Be7 6. Qc2 c6 7. e3 Nbd7 8. Bd3 Nf8 9. Nf3 Ne6 10. Bxf6 Bxf6 11. b4 a6 12. a4 h6 13. O-O O-O 14. b5 axb5 15. axb5 Rxa1 16. Rxa1 c5 17. dxc5 d4 18.
Rd1 dxc3 19. Bh7+ Kh8 20. Rxd8 Rxd8 21. Bf5 Nxc5 22. Bxc8 Rxc8 23. Nd4 Bxd4 24. exd4 Ne6 25.
Kf1 Nxd4 26. Qc1 c2 0-1

[Event "*** Titled Tuesday Blitz"]
[Site "Chess.com"]
[Date "2019.05.07"]
[Round "1"]
[White "1e41-0"]
[Black "AryanTari"]
[Result "0-1"]
[WhiteElo "2458"]
[BlackElo "2861"]
[TimeControl "180+2"]
[EndTime "13:04:41 PDT"]
[Termination "AryanTari won by resignation"]

1. d4 d5 2. c4 dxc4 3. Nf3 a6 4.
a4 Nf6 5. e3 Bg4 6. Bxc4 e6 7.
h3 Bh5 8. Nc3 Bd6 9. g4 Bg6 10.
Ne5 Bxe5 11. dxe5 Nfd7 12. f4 Qh4+ 13. Ke2 h5 14. g5 Nxe5 15. Bd2 Qg3 16. fxe5 Qg2+ 17.
Ke1 Qxh1+ 18. Bf1 Nc6 19. e4 O-O-O 20. Qe2 Nd4 0-1

[Event "*** Titled Tuesday Blitz"]
[Site "Chess.com"]
[Date "2019.05.07"]
[Round "1"]
[White "DrRiebert"]
[Black "Swarnapuri"]
[Result "0-1"]
[WhiteElo "2370"]
[BlackElo "2715"]
[TimeControl "180+2"]
[EndTime "13:04:43 PDT"]
[Termination "Swarnapuri won by resignation"]

1. e4 Nc6 2. Nf3 d6 3. d4 Nf6 4.
d5 Nb8 5. Bd3 Bg4 6. h3 Bxf3 7.
Qxf3 c6 8. c4 g6 9. Nc3 Bg7 10.
O-O O-O 11. Rd1 Nbd7 12. Qe2 Nc5 13. Bc2 Nfd7 14. Bd2 a5 15. Rab1 a4 16. Bg5 a3 17.
b4 Bxc3 18. bxc5 Nxc5 19. Be3 Qc7 20. f4 Bg7 21. Qf2 Na4 22. Rb3 Nb2 23. Bb6 Qd7 0-1

[Event "*** Titled Tuesday Blitz"]
[Site "Chess.com"]
[Date "2019.05.07"]
[Round "1"]
[White "norwaytoadog"]
[Black "Gahan-MG"]
[Result "1-0"]
[WhiteElo "2245"]
[BlackElo "2544"]
[TimeControl "180+2"]
[EndTime "13:04:46 PDT"]
[Termination "norwaytoadog won by resignation"]

1. e4 c5 2. Nf3 d6 3. Bb5+ Bd7 4. Bxd7+ Qxd7 5. O-O Nf6 6. Qe2 Nc6 7. c3 g6 8. Rd1 Bg7 9. d4 cxd4 10. cxd4 d5 11. e5 Ne4 12. Nc3 Nxc3 13. bxc3 O-O 14. Bg5 Rfc8 15. Qe3 Na5 16. Bh6 Bh8 17. Ng5 e6 18.
Rd3 Rc6 19. Qh3 f6 20. exf6 Bxf6 21. Rf3 Bxg5 22. Bxg5 Rac8 23. Re1 b5 24. Rf6 Re8 25. Qf3 Nb7 26. Bh6 Qe7 27. h4 Nd6 28. Rexe6 1-0

[Event "*** Titled Tuesday Blitz"]
[Site "Chess.com"]
[Date "2019.05.07"]
[Round "1"]
[White "Jbd735"]
[Black "jefferyx"]
[Result "0-1"]
[WhiteElo "2464"]
[BlackElo "2892"]
[TimeControl "180+2"]
[EndTime "13:04:50 PDT"]
[Termination "jefferyx won by resignation"]

1. e4 c6 2. d4 d5 3. e5 Bf5 4. h4 h5 5. c4 e6 6. Nc3 Ne7 7. Nge2 dxc4 8. Ng3 Bg6 9. Bxc4 Nd7 10.
Bg5 Nb6 11. Be2 Qd7 12. Bxh5 Bxh5 13. Nxh5 Nf5 14. Ne4 Qxd4 15. Qg4 Rxh5 16. Rd1 Qc4 17. f3 Rh8 18. b3 Bb4+ 19. Kf2 Bc5+ 20. Ke1 Qc2 21. Rc1 Bb4+ 22. Kf1 Qd3+ 23. Kg1 Qd4+ 24. Kh2 Nd5 25. Rc4 Qxe5+ 26. f4 Qc7 27. Re1 Bxe1 28.
h5 Nfe3 29. Qe2 Nxc4 30. bxc4 Nxf4 31. Qxe1 Nd3+ 32. Qg3 Rxh5+ 0-1

[Event "*** Titled Tuesday Blitz"]
[Site "Chess.com"]
[Date "2019.05.07"]
[Round "1"]
[White "Chebure"]
[Black "JozefKneht"]
[Result "1-0"]
[WhiteElo "2647"]
[BlackElo "2313"]
[TimeControl "180+2"]
[EndTime "13:04:57 PDT"]
[Termination "Chebure won by resignation"]

1. e4 c6 2. Nc3 d5 3. Nf3 Bg4 4. h3 Bxf3 5. Qxf3 Nf6 6. g3 Nbd7 7. Qe2 dxe4 8. Nxe4 Nxe4 9. Qxe4 Nf6 10. Qf3 Qd5 11.
Bg2 Qxf3 12. Bxf3 O-O-O 13. O-O e6 14. d3 h6 15. Kg2 Bd6 16. Re1 Rhe8 17. Bd2 Bc7 18.
Re2 a6 19. a4 Kb8 20. b4 Rd7 21. b5 cxb5 22. axb5 axb5 23. Rb1 Red8 24. Rxb5 Bd6 25. Re1 Rc8 26. c4 Rc5 27. Reb1 Rxb5 28. Rxb5 Kc8 29. Kf1 Be5 30. Rxe5 Rxd3 31. Rc5+ Kd7 32. Ke2 Ra3 33. Rb5 g5 34. Rxb7+ Kd6 1-0

[Event "*** Titled Tuesday Blitz"]
[Site "Chess.com"]
[Date "2019.05.07"]
[Round "1"]
[White "Zq1"]
[Black "PNEPaul"]
[Result "1-0"]
[WhiteElo "2503"]
[BlackElo "1858"]
[TimeControl "180+2"]
[EndTime "13:04:59 PDT"]
[Termination "Zq1 won by resignation"]

1. d4 Nf6 2. c4 c5 3. Nf3 e6 4. g3 a6 5. Bg2 h6 6. O-O d5 7. cxd5 exd5 8. dxc5 Bxc5 9. b3 Nc6 10.
Bb2 Be6 11. Nd4 Nxd4 12. Bxd4 Bxd4 13. Qxd4 O-O 14. Nc3 Qd7 15. Rfd1 Rfd8 16. Na4 Qd6 17. e4 Qc6 18. Rac1 Qb5 19. Nc3 Qa5 20. exd5 Bg4 21. Re1 b5 22. h3 Bh5 23. b4 Qa3 24.
Rb1 Rac8 25. Rb3 Rxc3 26. Qxc3 Qxa2 27. Ra3 Qc4 28. Qxc4 bxc4 29. Rxa6 Nxd5 30. Ra5 c3 31. Rxd5 Rxd5 32. Bxd5 c2 33. Rc1 1-0

[Event "*** Titled Tuesday Blitz"]
[Site "Chess.com"]
[Date "2019.05.07"]
[Round "1"]
[White "Sebastian"]
[Black "AliKa2810"]
[Result "1-0"]
[WhiteElo "2910"]
[BlackElo "2490"]
[TimeControl "180+2"]
[EndTime "13:05:03 PDT"]
[Termination "Sebastian won by resignation"]

1. e4 e6 2. d4 d5 3. Nc3 Nf6 4. e5 Nfd7 5. Nce2 c5 6. c3 Nc6 7.
Nf3 b6 8. Nf4 a5 9. h4 Ba6 10.
Bxa6 Rxa6 11. Ng5 g6 12. Be3 Bg7 13. Ngxe6 fxe6 14. Nxe6 Qe7 15. Nc7+ Kd8 16. Nxa6 c4 17.
Bg5 Bf6 18. Qf3 Bxg5 19. Qxd5 Bxh4 20. Qxc6 Rf8 21. Qa8+ 1-0

[Event "*** Titled Tuesday Blitz"]
[Site "Chess.com"]
[Date "2019.05.07"]
[Round "1"]
[White "JeremDev"]
[Black "aa175"]
[Result "1-0"]
[WhiteElo "2510"]
[BlackElo "1962"]
[TimeControl "180+2"]
[EndTime "13:05:04 PDT"]
[Termination "JeremDev won by checkmate"]

1. e4 d6 2. d4 Nd7 3. Nc3 e5 4. Nge2 Ngf6 5. h3 h5 6. g3 exd4 7. Nxd4 c5 8. Nf5 Ne5 9. Ne3 Bd7 10. f4 Ng6 11. Bg2 h4 12. f5 Ne5 13. g4 g6 14.
O-O Bh6 15. Ned5 Bxc1 16. Qxc1 gxf5 17. exf5 Bc6 18. Qe3 Kd7 19. Rad1 Nxd5 20. Bxd5 Bxd5 21. Rxd5 Re8 22. Ne4 Nc4 23. Qd3 Kc6 24. Qxc4 b5 25.
Qd3 c4 26. Rxd6+ Kc7 27. Qd5 Qc8 28. Rc6+ Kb8 29. Qd6+ Kb7 30. Nc5# 1-0

[Event "*** Titled Tuesday Blitz"]
[Site "Chess.com"]
[Date "2019.05.07"]
[Round "1"]
[White "elefante33"]
[Black "Eliwood44"]
[Result "1-0"]
[WhiteElo "2560"]
[BlackElo "2224"]
[TimeControl "180+2"]
[EndTime "13:05:11 PDT"]
[Termination "elefante33 won by resignation"]

1. d4 Nf6 2. Nf3 e6 3. Bg5 d5 4.
Nbd2 Nbd7 5. e3 Be7 6. Bd3 b6 7. c3 h6 8. Bh4 Bb7 9. Qb1 c5 10.
O-O O-O 11. a3 a6 12. h3 Rc8 13. Bg3 Nb8 14. Ne5 Nc6 15. f4 Nxe5 16. fxe5 Nd7 17.
Qd1 b5 18. Qh5 f5 19. exf6 Rxf6 20. Qg4 Rc6 21. Nf3 Bd6 22. Bh4 g5 23. Nxg5 hxg5 24. Bxg5 Rxf1+ 25. Rxf1 Qe8 26. Bh6+ 1-0

[Event "*** Titled Tuesday Blitz"]
[Site "Chess.com"]
[Date "2019.05.07"]
[Round "1"]
[White "Matibar"]
[Black "Jadeit90"]
[Result "1-0"]
[WhiteElo "2728"]
[BlackElo "2388"]
[TimeControl "180+2"]
[EndTime "13:05:14 PDT"]
[Termination "Matibar won by resignation"]

1. e4 g6 2. d4 Bg7 3. Nc3 c5 4. Nf3 cxd4 5. Nxd4 Nc6 6. Be3 Nf6 7. Bc4 O-O 8. Bb3 a5 9. O-O d6 10. h3 a4 11. Nxa4 Nxe4 12. Nb5 Ra6 13. c4 Be6 14. Re1 Nf6 15. Rc1 Nd7 16. Nd4 Nxd4 17. Bxd4 Ne5 18. c5 Bxb3 19. axb3 Nc6 20. Bxg7 Kxg7 21. b4 Ra8 22. b5 Ne5 23. b3 f5 24. Qd4 Kg8 25. Qd5+ Nf7 26. Qxb7 dxc5 27. Qxe7 Qd3 28. Nxc5 Qxb5 29.
Ne6 Rfe8 30. Qf6 1-0

[Event "*** Titled Tuesday Blitz"]
[Site "Chess.com"]
[Date "2019.05.07"]
[Round "1"]
[White "Thee-Chessboy"]
[Black "MatthewG-p4p"]
[Result "0-1"]
[WhiteElo "2354"]
[BlackElo "2681"]
[TimeControl "180+2"]
[EndTime "13:05:14 PDT"]
[Termination "MatthewG-p4p won by resignation"]

1. d4 Nf6 2. c4 c5 3. d5 e6 4. Nc3 exd5 5. cxd5 d6 6. Nf3 g6 7. h3 Bg7 8. Bf4 O-O 9. e3 Na6 10. Nd2 Nc7 11. Nc4 Nfe8 12. a4 b6 13. Bd3 Rb8 14. O-O a6 15. e4 b5 16. axb5 axb5 17. Na5 Bd7 18. Nc6 Bxc6 19. dxc6 Rb6 20. Qe2 c4 21.
Bc2 Rxc6 22. Rfd1 Qe7 23. Ra7 Qe6 24. Qf3 Rc5 25. Be3 b4 26. Nd5 Nxd5 27. exd5 Qc8 28. Bxc5 Qxc5 29. b3 Qxa7 0-1

[Event "*** Titled Tuesday Blitz"]
[Site "Chess.com"]
[Date "2019.05.07"]
[Round "1"]
[White "sergeikim"]
[Black "wonderfultime"]
[Result "0-1"]
[WhiteElo "2494"]
[BlackElo "2935"]
[TimeControl "180+2"]
[EndTime "13:05:20 PDT"]
[Termination "wonderfultime won by resignation"]

1. d4 d5 2. c4 c6 3. Nf3 Nf6 4. Qc2 dxc4 5. Qxc4 Bg4 6. e3 Nbd7 7.
Be2 e6 8. O-O Bd6 9. Nc3 O-O 10.
e4 Bxf3 11. Bxf3 e5 12. Bg5 exd4 13. Qxd4 Be5 14. Qc4 h6 15. Bh4 Re8 16. Rad1 Qc7 17. Bg3 Re6 18. a4 a5 19. Rd3 Bxg3 20. hxg3 Ne5 21.
Qd4 Nxd3 22. Qxd3 Rd8 23. Qc4 Qb6 24. Rb1 Rd2 25. Nd1 Qd4 26. Qb3 Nxe4 27. Bxe4 Rxe4 28.
Ne3 Qb4 29. Qa2 Qxa4 0-1

[Event "*** Titled Tuesday Blitz"]
[Site "Chess.com"]
[Date "2019.05.07"]
[Round "1"]
[White "picturesquecheck"]
[Black "albi1999"]
[Result "0-1"]
[WhiteElo "2096"]
[BlackElo "2523"]
[TimeControl "180+2"]
[EndTime "13:05:21 PDT"]
[Termination "albi1999 won by resignation"]

1. e4 e5 2. Nf3 Nc6 3. Bb5 a6 4. Ba4 Nf6 5. O-O b5 6. Bb3 Bc5 7. a4 Rb8 8. axb5 axb5 9. Nxe5 Nxe5 10. d4 Bxd4 11. Qxd4 d6 12. f4 Nc6 13. Qc3 Ne7 14. Ra7 Rb7 15. Ra8 Nxe4 16. Qxg7 Rf8 17. f5 d5 18. Bh6 Rg8 19. Qxh7 Qd6 20. f6 Qc5+ 21.
Kh1 Nf2+ 22. Rxf2 Qxf2 23. Rxc8+ Kd7 0-1

[Event "*** Titled Tuesday Blitz"]
[Site "Chess.com"]
[Date "2019.05.07"]
[Round "1"]
[White "NateSolon"]
[Black "JonasHilwerda"]
[Result "0-1"]
[WhiteElo "2523"]
[BlackElo "2232"]
[TimeControl "180+2"]
[EndTime "13:05:22 PDT"]
[Termination "JonasHilwerda won by resignation"]

1. d4 Nf6 2. Bg5 Ne4 3. Bf4 d5 4. e3 Bf5 5. f3 Nd6 6. Nc3 c6 7. Bd3 Bxd3 8. Qxd3 g6 9. Nge2 Bg7 10. O-O-O Nd7 11.
e4 dxe4 12. fxe4 O-O 13. h4 c5 14. d5 b5 15. Ng3 Nc4 16. h5 Qa5 17. hxg6 Qb4 0-1

[Event "*** Titled Tuesday Blitz"]
[Site "Chess.com"]
[Date "2019.05.07"]
[Round "1"]
[White "KRASAVCHIK2002"]
[Black "mitrabhaa"]
[Result "0-1"]
[WhiteElo "2333"]
[BlackElo "2652"]
[TimeControl "180+2"]
[EndTime "13:05:52 PDT"]
[Termination "mitrabhaa won by resignation"]

1. e4 c6 2. d4 d5 3. Nc3 dxe4 4. Nxe4 Nf6 5. Nxf6+ exf6 6. Bd3 Bd6 7. Ne2 O-O 8. h4 Re8 9. c3 Bg4 10. Qc2 h6 11. f3 Be6 12. g4 Nd7 13. Kf2 Bd5 14.
c4 Be6 15. Be3 Qe7 16. b3 Bxc4 17. bxc4 Qxe3+ 18. Kg2 c5 19. Rae1 cxd4 20. Ng3 Qf4 21. Nh5 Rxe1 22. Rxe1 Qh2+ 23. Kf1 Qxh4 24. Be4 Nc5 25.
Qf2 Qxf2+ 26. Kxf2 Nxe4+ 27. Rxe4 Rd8 28. Ke2 Be5 29.
Kd3 g6 30. Nf4 Bxf4 31. Rxf4 Kg7 32. Rxd4 Rxd4+ 33. Kxd4 h5 34. Ke4 h4 35. f4 g5 0-1

[Event "*** Titled Tuesday Blitz"]
[Site "Chess.com"]
[Date "2019.05.07"]
[Round "1"]
[White "Manukyan_Artak"]
[Black "Elshan1985"]
[Result "0-1"]
[WhiteElo "2414"]
[BlackElo "2769"]
[TimeControl "180+2"]
[EndTime "13:05:54 PDT"]
[Termination "Elshan1985 won by resignation"]

1. f4 d5 2. Nf3 Bg4 3. Ne5 Bf5 4. e3 Nf6 5. d4 e6 6. c4 Nbd7 7. Qb3 Rb8 8. Nc3 c6 9. Be2 Bd6 10. O-O Ne4 11. cxd5 exd5 12. Bf3 O-O 13. h4 Nxc3 14. bxc3 Qxh4 15. Bd2 Qe7 16. Rae1 f6 17. Nxd7 Bxd7 18. c4 dxc4 19. Qxc4+ Kh8 20. d5 cxd5 21. Bxd5 Rbc8 22.
Qb3 Bc6 23. e4 Bxd5 24. Qxd5 Rfd8 25. Be3 Bxf4 26. Qf5 Bxe3+ 27. Rxe3 Rc5 28. e5 Rxe5 29. Rxe5 Qxe5 30. Qxe5 fxe5 31. Rf7 Rb8 32. Re7 a5 33. Rxe5 b5 34. a4 b4 35. Rb5 Rxb5 0-1

[Event "*** Titled Tuesday Blitz"]
[Site "Chess.com"]
[Date "2019.05.07"]
[Round "1"]
[White "zurzan"]
[Black "Philosopherrr"]
[Result "0-1"]
[WhiteElo "2010"]
[BlackElo "2511"]
[TimeControl "180+2"]
[EndTime "13:06:04 PDT"]
[Termination "Philosopherrr won by resignation"]

1. e4 e5 2. Nf3 Nc6 3. Bc4 Bc5 4. O-O Nf6 5. d3 a6 6. c3 Ba7 7. a4 d6 8. Bg5 h6 9. Bh4 Be6 10. Bxe6 fxe6 11. b4 O-O 12. Qb3 Qd7 13. Nbd2 Ne7 14. d4 exd4 15. cxd4 Ng6 16. Bg3 Nh5 17. b5 Nhf4 18. Nc4 Ne2+ 19. Kh1 Nxd4 20. Nxd4 Bxd4 21. Rad1 Bc5 22. f4 axb5 23. axb5 Kh8 24. f5 exf5 25.
exf5 Rxf5 26. Rxf5 Qxf5 27. Nd2 Ne5 28. Qd5 Qc2 29. Ne4 Ra2 30. Nxc5 c6 31. Qe4 Qxd1+ 0-1

[Event "*** Titled Tuesday Blitz"]
[Site "Chess.com"]
[Date "2019.05.07"]
[Round "1"]
[White "GameOverBro"]
[Black "ChessWeebs"]
[Result "0-1"]
[WhiteElo "2419"]
[BlackElo "2772"]
[TimeControl "180+2"]
[EndTime "13:06:05 PDT"]
[Termination "ChessWeebs won by checkmate"]

1. e4 c6 2. Nc3 d5 3. Nf3 Bg4 4. h3 Bxf3 5. Qxf3 e6 6. a3 g6 7. d3 Bg7 8. Bd2 Ne7 9. g3 O-O 10. Bg2 f5 11. Qe2 Nd7 12. O-O Re8 13. f4 Qb6+ 14. Kh2 Rad8 15. Rab1 Kh8 16. e5 c5 17. g4 Nc6 18. Qf2 Rf8 19. g5 h5 20. gxh6 Bxh6 21.
h4 Kh7 22. Ne2 Ncxe5 23. fxe5 Bxd2 24. Nf4 Bxf4+ 25. Qxf4 Kg7 26. Bf3 Rh8 27. Kg3 Qc7 28. Rbe1 d4 29. Rh1 Kf7 30. b3 Rdg8 31. Kf2 Ke7 32. a4 Kd8 33. Rhg1 Kc8 34. h5 gxh5 35. Rxg8+ Rxg8 36. Bxh5 Rg7 37. Be8 Nf8 38. Qh6 Qe7 39.
Bb5 Rh7 40. Qf4 Rh4 41. Qg3 Rg4 42. Qh3 Qg5 43. Rf1 Qd2+ 44. Kf3 Qe3# 0-1

[Event "*** Titled Tuesday Blitz"]
[Site "Chess.com"]
[Date "2019.05.07"]
[Round "1"]
[White "jmduque"]
[Black "Vice64"]
[Result "0-1"]
[WhiteElo "2133"]
[BlackElo "2531"]
[TimeControl "180+2"]
[EndTime "13:06:09 PDT"]
[Termination "Vice64 won by resignation"]

1. e4 c5 2. Nf3 d6 3. d4 cxd4 4.
Nxd4 Nf6 5. Nc3 a6 6. h3 e5 7. Nb3 Be7 8. Be3 Be6 9. Qf3 Nbd7 10. g4 h6 11. Rg1 Rc8 12. h4 Nb6 13. g5 hxg5 14. hxg5 Nfd7 15. g6 O-O 16. gxf7+ Rxf7 17. Qh5 Nf6 18. Qg6 Rxc3 19. bxc3 Qc7 20. O-O-O Na4 21. Bd2 d5 22. exd5 Ba3+ 23. Kb1 Nxc3+ 24. Ka1 Bxd5 25.
Re1 Nce4 26. c4 Bxc4 27. Rxe4 Bxb3 28. axb3 Qc2 29. Qxf7+ Kxf7 30. Bc4+ Kf8 0-1

[Event "*** Titled Tuesday Blitz"]
[Site "Chess.com"]
[Date "2019.05.07"]
[Round "1"]
[White "kleinebeer98"]
[Black "PowerThinking2650"]
[Result "1-0"]
[WhiteElo "2714"]
[BlackElo "2374"]
[TimeControl "180+2"]
[EndTime "13:06:14 PDT"]
[Termination "kleinebeer98 won by resignation"]

1. e4 e5 2. Qh5 Nc6 3. Bc4 g6 4. Qf3 Nf6 5. Ne2 Bg7 6. d3 O-O 7. Nbc3 Na5 8. Bg5 Nxc4 9. dxc4 h6 10. Be3 d6 11. h3 b6 12. g4 Be6 13. b3 Nd7 14. Ng3 Qh4 15. O-O-O a6 16. Rdg1 Bf6 17.
Nf5 Bxf5 18. gxf5 Bg5 19. Bxg5 hxg5 20. Rg4 Qh5 21. Qg3 f6 22. h4 gxf5 23. exf5 Kf7 24. Qf3 Rh8 25. Rhg1 Rag8 26. Kb2 Ke7 27. Qc6 Rg7 28.
Nd5+ Kd8 29. Qa8+ 1-0

[Event "*** Titled Tuesday Blitz"]
[Site "Chess.com"]
[Date "2019.05.07"]
[Round "1"]
[White "FearlessKing64"]
[Black "Gubajdullin"]
[Result "0-1"]
[WhiteElo "2176"]
[BlackElo "2534"]
[TimeControl "180+2"]
[EndTime "13:06:16 PDT"]
[Termination "Gubajdullin won by resignation"]

1. e4 c6 2. d4 d5 3. exd5 cxd5 4. c4 Nf6 5. Nc3 e6 6. Nf3 Bb4 7. cxd5 Nxd5 8. Qc2 Nc6 9. a3 Be7 10. Bd3 Nf6 11. Be3 O-O 12. O-O h6 13. Rad1 b6 14. Ne4 Bb7 15. Nxf6+ Bxf6 16. Be4 Rc8 17. d5 Na5 18. Bh7+ Kh8 19. dxe6 Rxc2 20. Rxd8 Rxd8 21.
Bxc2 fxe6 22. Rd1 Rxd1+ 23. Bxd1 Nc4 24. Bc1 Nxb2 25. Bb3 Bd5 26. Bc2 b5 27. Be3 a5 28.
Nd4 b4 29. axb4 axb4 30. Nb3 Nc4 31. Bd4 Na3 32. Bxf6 Nxc2 33. Nd4 gxf6 34. Nxc2 b3 35. Na3 b2 36. f3 Ba2 0-1